 Dungeon Crawl Stone Soup version 0.29-a0-1047-g7c58e119a4 (webtiles) character file.

Game seed: 4816018905276277780

35 flotson the Sneak (level 3, -6/29 HPs)
             Began as a Demonspawn Delver on Aug 16, 2022.
             Shot with an arrow by a centaur (8 damage)
             ... on level 4 of the Dungeon.
             The game lasted 00:01:03 (408 turns).

flotson the Sneak (Demonspawn Delver)                Turns: 408, Time: 00:01:03

Health: -6/29      AC:  5    Str: 14    XL:     3   Next: 16%
Magic:  3/3        EV: 11    Int: 11    God:
Gold:   43         SH:  0    Dex: 16    Spells: 2/2 levels left

rFire   . . .      SeeInvis .   k - +10 dagger of Success {vorpal, rPois rC+ Dex+2}
rCold   + . .      Faith    .   (no shield)
rNeg    . . .      Spirit   .   h - +0 ring mail
rPois   +          Reflect  .   (no helmet)
rElec   .          Harm     .   (no cloak)
rCorr   .          Rampage  .   (no gloves)
Will    .....                   (no boots)
Stlth   ++........              (no amulet)
HPRegen 0.09/turn               (no ring)
MPRegen 0.08/turn               (no ring)

@: no status effects
A: weakness stinger 2
a: no special abilities


You were on level 4 of the Dungeon.
You visited 1 branch of the dungeon, and saw 3 of its levels.

You collected 43 gold pieces.

Inventory:

Hand Weapons
 a - a +0 hand axe
 k - the +10 dagger of Success (weapon) {vorpal, rPois rC+ Dex+2}
   (You found it on level 4 of the Dungeon)

   It inflicts extra damage upon your enemies.
   Dex:       It affects your dexterity (+2).
   rC:        It protects you from cold.
   rPois:     It protects you from poison.
Armour
 h - a +0 ring mail (worn)
Jewellery
 i - a ring of wizardry
Wands
 b - a wand of flame (30)
 g - a wand of digging (3)
Scrolls
 c - a scroll of fog
 d - a scroll of magic mapping
 j - a scroll of identify {unknown}
 l - a scroll of torment {unknown}
 n - a scroll of poison {unknown}
Potions
 f - a potion of haste
 m - a potion of heal wounds {unknown}


   Skills:
 + Level 3.3 Fighting
 - Level 1.7 Axes
 + Level 1.1 Armour
 + Level 2.2 Dodging
 - Level 4.5 Stealth
 + Level 1.1 Evocations


You had 2 spell levels left.
You didn't know any spells.
Your spell library was empty.

Dungeon Overview and Level Annotations

Branches:
Dungeon (5/15)
 Temple: D:4-7

Altars:

Annotations:
D:3 Jessica
D:4 1 transporter


Innate Abilities, Weirdness & Mutations

You have a tail ending in a sharp stinger.


Message History

Where to? (Enter - D:4, ? - help)
There is an open door here.
You open the door.
There is an open door here.
There is a stone staircase leading up here.
You climb upwards.
Level annotation: 1 transporter
There is a stone staircase leading down here.
You see here a +0 leather armour.
A centaur comes into view.
The kobold shouts!
You hear a shout!
A kobold comes into view. It is wielding a +0 club.
Found a stone staircase leading up.
The kobold shouts!
The centaur shouts!
You hit the kobold.
You kill the kobold!
The centaur wields a +0 shortbow.
The centaur shoots an arrow.
The arrow misses you.
A hobgoblin comes into view.
The kobold throws a stone.
The stone completely misses you.
The centaur shoots an arrow.
The arrow hits you!
Unknown command.
As you read the scroll of fear, it crumbles to dust.
You assume a fearsome visage.
The kobold looks frightened!
The centaur looks frightened!
The hobgoblin looks frightened!
A jelly comes into view.
The hobgoblin begs for mercy.
Cornered, the hobgoblin turns to fight!
The kobold moans, "Oh dear!
Oh dear!"
The kobold prays for help.
Cornered, the centaur turns to fight!
The hobgoblin hits you but does no damage.
The hobgoblin attacks as you move away! The hobgoblin closely misses you.
The centaur shoots an arrow.
The arrow hits you.
The centaur shoots an arrow.
The arrow hits you!
* * * LOW HITPOINT WARNING * * *
There is a stone staircase leading up, spattered with blood here.
The hobgoblin hits you but does no damage.
The centaur shoots an arrow.
The arrow hits you!
You die...

###### #....#
#.c..#
#######..J.########
.......@g..........
.######.........#
#.........# #####
#####.....# #....
###.....####$#.#
#...!.).........
.....#.....#.#.!.##
######.....#.##....
#.....#.#...#.


You could see a centaur, a jelly and a hobgoblin.

Vanquished Creatures
  A hound (D:5)
  An endoplasm (D:4)
  A giant cockroach (D:4)
  A goblin (D:4)
  A kobold (D:4)
5 creatures vanquished.

Notes
Turn   | Place    | Note
-------+----------+-------------------------------------------
     0 | D:5      | flotson the Demonspawn Delver began the quest for the Orb.
     0 | D:5      | Reached XP level 1. HP: 18/18 MP: 1/1
   208 | D:5      | Noticed a hound
   224 | D:5      | Killed a hound
   225 | D:5      | Reached skill level 1 in Armour
   225 | D:5      | Reached skill level 1 in Evocations
   225 | D:5      | Gained mutation: You have a small tail. [demonic ancestry]
   225 | D:5      | Reached XP level 2. HP: 19/24 MP: 2/2
   225 | D:5      | Gained mutation: You have a tail ending in a sharp stinger.
                  | [demonic ancestry]
   225 | D:5      | Reached XP level 3. HP: 23/29 MP: 3/3
   267 | D:4      | Found a transporter.
   315 | D:4      | Identified the +10 dagger of Success {vorpal, rPois rC+
                  | Dex+2}
   360 | D:3      | Noticed Jessica
   360 | D:3      | You fall into a shaft and drop 2 floors!
   397 | D:4      | Noticed a centaur
   408 | D:4      | Shot with an arrow by a centaur

Illustrated notes

Levels and vault maps discovered:
D:3:      minmay_inner_zag, layout_rooms, kiku_gazebo_pond_becter, st_stairs_10,
          uniq_jessica, uniq_terence, uniq_robin
D:4:      layout_rooms, nicolae_gozag_cash_rules_everything_around_me,
          gammafunk_ghost_smash
D:5:      layout_loops_corners, old_standard_altar, nicolae_uskayaw_suspiria,
          kennysheep_generic_room_14

Skill      XL: |  1 |
---------------+----+-----
Armour         | 1 |  1.1
Dodging        | 2 |  2.2
Evocations     | 1 |  1.1
Fighting       | |  3.3
Axes           | |  1.7
Stealth        | |  4.5

Action                   || total
-------------------------++-------
Melee: Hand axe          ||    11
       Dagger            ||     2
  Use: Potion            ||     1
       Scroll            ||     1
 Stab: Sleeping          ||     3
Armor: Ring mail         ||     3
Dodge: Dodged            ||    10

Table legend: (Time is in decaauts)
 A = Elapsed time spent in this place.
 B = Non-inter-level travel time spent in this place.
 C = Inter-level travel time spent in this place.
 D = Time resting spent in this place.
 E = Time spent auto-exploring this place.
 F = Levels seen in this place.
 G = Mean time per level.
                   A        B        C        D        E       F      G
               +--------+--------+--------+--------+--------+-----+--------+
         Total |    391 |    343 |     48 |      0 |    257 |   3 |  130.3 |
       Dungeon |    391 |    343 |     48 |      0 |    257 |   3 |  130.3 |
               +--------+--------+--------+--------+--------+-----+--------+

Top non-repeatable levels by time:
     D:5: 269 daAuts
     D:4: 121 daAuts
